 Dungeon Crawl Stone Soup version 0.28-a0-1594-ga885d4b3d6 (webtiles) character file.

Game seed: 10242574611909325409

122 lunkers the Grave Robber (level 5, -2/24 HPs)
             Began as a Vine Stalker Necromancer on Jan 20, 2022.
             Killed from afar by Sigmund (7 damage)
             ... with a magic dart
             ... on level 2 of the Dungeon.
             The game lasted 00:03:35 (3075 turns).

lunkers the Grave Robber (Vine Stalker Necromancer) Turns: 3075, Time: 00:03:36

Health: -2/24      AC:  2    Str: 10    XL:     5   Next: 6%
Magic:  0/9        EV: 12    Int: 17    God:
Gold:   60         SH:  0    Dex: 15    Spells: 7/8 levels left

rFire   . . .      SeeInvis .   c - +0 dagger
rCold   . . .      Faith    .   (no shield)
rNeg    . . .      Spirit   +   a - +0 robe
rPois   .          Reflect  .   (no helmet)
rElec   .          Harm     .   (no cloak)
rCorr   .          Rampage  .   (no gloves)
Will    .....                   (no boots)
Stlth   ++........              (no amulet)
HPRegen 0.88/turn               (no ring)
MPRegen 0.11/turn               (no ring)

@: no status effects
A: fangs 2, regeneration 1, magic shield, antimagic bite, no potion heal 2
a: no special abilities


You were on level 2 of the Dungeon.
You visited 1 branch of the dungeon, and saw 2 of its levels.

You collected 60 gold pieces.

Inventory:

Hand Weapons
 c - a +0 dagger (weapon)
Armour
 a - a +0 robe (worn)
Scrolls
 d - a scroll of teleportation {unknown}
 e - a scroll of identify {unknown}
 f - a scroll of enchant armour {unknown}
 g - a scroll of amnesia {unknown}
Potions
 b - 3 potions of curing
 h - a potion of haste {unknown}
 i - a potion of magic {unknown}


   Skills:
 - Level 1.5 Dodging
 - Level 2.4 Stealth
 - Level 2.1 Spellcasting
 * Level 6.2 Necromancy


You had 7 spell levels left.
You knew the following spells:

 Your Spells              Type           Power      Damage    Failure   Level
a - Pain                  Necr           92%        1d8       1%          1

Your spell library contained the following spells:

 Spells                   Type           Power      Damage    Failure   Level
 Animate Skeleton         Necr           46%        N/A       1%          1
 Vampiric Draining        Necr           23%        2d7       4%          3
 Animate Dead             Necr           11%        N/A       14%         4
 Agony                    Necr           23%        N/A       38%         5


Dungeon Overview and Level Annotations

Branches:
Dungeon (2/15)

Altars:
Xom

Annotations:
D:2 Natasha, Sigmund


Innate Abilities, Weirdness & Mutations

You have extremely sharp teeth.
Your natural rate of healing is unusually fast.
When hurt, damage is shared between your health and your magic reserves.
Your bite disrupts and absorbs the magic of your enemies.
Potions cannot restore your health.


Message History

Sigmund writhes in agony.
Natasha, Servant of Life and Death comes into view.
Sigmund points at you and mumbles some strange words.
You resist with some effort.
Unknown command.
Casting: Pain (safe; 1% risk of failure)
Confirm with . or Enter, or press ? or * to list all spells.
Aiming: Pain (safe; 1% risk of failure)
Press: ? - help, Shift-Dir - straight line, f/p - Sigmund
Aim: Sigmund, wielding a +0 scythe and wearing a +1 robe of fire resistance (heavily wounded, chance to affect: 87%) Sigmund barely resists.
Natasha casts a spell at you. You resist with some effort.
Unknown command.
Casting: Pain (safe; 1% risk of failure)
Confirm with . or Enter, or press ? or * to list all spells.
Aiming: Pain (safe; 1% risk of failure)
Press: ? - help, Shift-Dir - straight line, f/p - Sigmund
Aim: Sigmund, wielding a +0 scythe and wearing a +1 robe of fire resistance (heavily wounded, chance to affect: 87%) Sigmund writhes in agony!
Sigmund hits you from afar with a +0 scythe!
* * * LOW MAGIC WARNING * * *
* * * LOW HITPOINT WARNING * * *
Casting: Pain (safe; 1% risk of failure)
Confirm with . or Enter, or press ? or * to list all spells.
Aiming: Pain (safe; 1% risk of failure)
Press: ? - help, Shift-Dir - straight line, f/p - Sigmund
Aim: Sigmund, wielding a +0 scythe and wearing a +1 robe of fire resistance (severely wounded, chance to affect: 87%) Sigmund writhes in agony.
* * * LOW MAGIC WARNING * * *
Your magical contamination has completely faded away.
Unknown command.
Found an escape hatch in the floor.
Sigmund hits you with a +0 scythe!
* * * LOW HITPOINT WARNING * * *
You hit Sigmund.
Sigmund is almost dead.
Sigmund gestures at you while chanting. The magic dart hits you!
* * * LOW MAGIC WARNING * * *
You die...

#................
..####.
#####.#.........
.. #.#.########
## #.#.# #.##
#h.# ##.# #.# #@#
#@# ... #.#.. ..
.## ... ## ...
.>##


You could see Sigmund and Natasha.

Vanquished Creatures
  Natasha (twice) (D:2)
  3 adders (D:2)
  2 dart slugs
  2 endoplasms
  A giant cockroach (D:1)
  7 hobgoblins
  8 jackals
  2 kobolds
  A quokka (D:1)
  A ball python (D:1)
  2 bats (D:1)
  3 goblins (D:1)
  8 rats
42 creatures vanquished.

Vanquished Creatures (others)
  A jackal (D:1)
1 creature vanquished.

Grand Total: 43 creatures vanquished

Notes
Turn   | Place    | Note
-------+----------+-------------------------------------------
     0 | D:1      | lunkers the Vine Stalker Necromancer began the quest for
                  | the Orb.
     0 | D:1      | Reached XP level 1. HP: 9/9 MP: 4/4
   390 | D:1      | Reached XP level 2. HP: 6/13 MP: 0/6
  1834 | D:1      | Reached XP level 3. HP: 15/16 MP: 5/7
  2063 | D:1      | Reached skill level 5 in Necromancy
  2303 | D:2      | Noticed Natasha
  2472 | D:2      | Killed Natasha
  2627 | D:2      | Gained mutation: Your natural rate of healing is unusually
                  | fast. [Vine Stalker growth]
  2627 | D:2      | Reached XP level 4. HP: 15/21 MP: 2/8
  2689 | D:2      | Found a shimmering altar of Xom.
  2846 | D:2      | Noticed Natasha
  2854 | D:2      | Killed Natasha
  2855 | D:2      | Reached skill level 6 in Necromancy
  3001 | D:2      | Reached XP level 5. HP: 24/24 MP: 4/9
  3066 | D:2      | Noticed Sigmund
  3070 | D:2      | Noticed Natasha
  3075 | D:2      | Killed from afar by Sigmund

Illustrated notes

Levels and vault maps discovered:
D:1:      dpeg_arrival_rooms_b, layout_basic, lemuel_flame_loot_1
D:2:      layout_rooms, basic_altar, chequers_decorated_corner, uniq_sigmund,
          uniq_natasha

Skill      XL: |  1  2  3  4 |
---------------+-------------+-----
Necromancy     | 5 6 |  6.2
Dodging        | |  1.5
Stealth        | |  2.4
Spellcasting   | |  2.1

Action                   |  1- 3 |  4- 6 || total
-------------------------+-------+-------++-------
Melee: Unarmed           |    12 |       ||    12
       Bite              |     3 |       ||     3
       Dagger            |     1 |     1 ||     2
 Cast: Pain              |    55 |    34 ||    89
Armor: Robe              |     1 |     1 ||     2
Dodge: Dodged            |    13 |     6 ||    19

Table legend: (Time is in decaauts)
 A = Elapsed time spent in this place.
 B = Non-inter-level travel time spent in this place.
 C = Inter-level travel time spent in this place.
 D = Time resting spent in this place.
 E = Time spent auto-exploring this place.
 F = Levels seen in this place.
 G = Mean time per level.
                   A        B        C        D        E       F      G
               +--------+--------+--------+--------+--------+-----+--------+
         Total |   3087 |   3027 |     60 |    432 |   2332 |   2 | 1543.5 |
       Dungeon |   3087 |   3027 |     60 |    432 |   2332 |   2 | 1543.5 |
               +--------+--------+--------+--------+--------+-----+--------+

Top non-repeatable levels by time:
     D:1: 2710 daAuts
     D:2: 377 daAuts
